Map: Blackburn LE

Players

MaxPax

  • Race: Protoss Protoss

Scarlett - Winner!

  • Race: Zerg Zerg

Event: TSL 8

VOD

Have the link to the VOD?

Description

Time

  • Played on: Dec. 4, 2021, 12:21 p.m.
  • Length: 24:47

All games in this series

Show
View Real Time Build Order
Export as new Build Order

MaxPax Protoss 

Build Orders: 1 Gate Expand, Oracle Opening, Carriers 

Get SALT Encoding   

  12  0:00  Probe  
  13  0:12  Probe  
  14  0:19  Pylon  
  14  0:24  Probe  
  15  0:37  Probe (Chrono Boost)  
  15  0:40  Gateway  
  16  0:47  Probe (Chrono Boost)  
  17  0:51  Assimilator  
  17  0:52  Probe (Chrono Boost)  
  18  1:04  Probe  
  19  1:16  Probe  
  20  1:28  Nexus  
  20  1:38  Cybernetics Core  
  20  1:41  Probe  
  21  1:47  Assimilator  
  21  1:53  Probe  
  22  1:56  Pylon  
  22  2:05  Probe (Chrono Boost)  
  23  2:14  Adept  
  25  2:17  Probe (Chrono Boost)  
  25  2:19  Stargate  
  26  2:24  Probe (Chrono Boost)  
  27  2:33  Probe (Chrono Boost)  
  28  2:40  Probe (Chrono Boost)  
  30  2:44  Adept, Warp Gate  
  30  2:49  Probe x2 (Chrono Boost)  
  33  2:53  Void Ray (Chrono Boost)  
  33  2:54  Probe (Chrono Boost)  
  33  2:55  Probe  
  39  3:06  Probe  
  39  3:08  Probe  
  39  3:09  Pylon  
  41  3:18  Probe  
  41  3:19  Gateway  
  42  3:20  Probe  
  43  3:30  Probe  
  43  3:31  Oracle (Chrono Boost)  
  43  3:32  Probe  
  48  3:43  Probe  
  48  3:44  Probe  
  50  3:52  Nexus  
  50  3:55  Pylon  
  50  3:56  Probe  
  50  4:00  Probe  
  52  4:04  Assimilator  
  52  4:06  Assimilator  
  52  4:08  Probe  
  53  4:12  Probe  
  54  4:17  Stargate  
  54  4:20  Probe  
  54  4:22  Pylon  
  55  4:24  Probe  
  56  4:33  Probe  
  56  4:36  Probe  
  58  4:39  Protoss Air Weapons Level 1  
  58  4:41  Forge  
  58  4:43  Void Ray  
  58  4:45  Probe, Pylon  
  59  4:49  Probe  
  64  4:57  Probe (Chrono Boost)  
  65  5:01  Probe (Chrono Boost)  
  65  5:05  Robotics Facility, Probe (Chrono Boost)  
  67  5:07  Shield Battery  
  67  5:08  Void Ray  
  67  5:09  Probe (Chrono Boost)  
  67  5:11  Pylon  
  67  5:12  Probe (Chrono Boost)  
  67  5:14  Probe (Chrono Boost)  
  74  5:15  Probe (Chrono Boost)  
  74  5:17  Probe (Chrono Boost)  
  74  5:18  Probe (Chrono Boost)  
  77  5:22  Void Ray  
  77  5:23  Probe  
  77  5:27  Probe  
  79  5:30  Probe  
  84  5:37  Probe  
  84  5:38  Assimilator  
  84  5:39  Assimilator, Probe  
  87  5:42  Probe  
  87  5:47  Stargate  
  87  5:49  Probe  
  88  5:50  Fleet Beacon  
  88  5:53  Probe  
  88  5:54  Observer  
  88  5:55  Probe, Pylon  
  91  5:58  Pylon  
  91  6:01  Probe  
  93  6:11  Probe  
  93  6:12  Adept  
  93  6:13  Adept  
  97  6:20  Robotics Bay  
  97  6:23  Pylon  
  97  6:26  Nexus  
  97  6:28  Probe  
  98  6:38  Photon Cannon  
  98  6:40  Pylon  
  98  6:44  Carrier (Chrono Boost)  
  110  6:48  Carrier (Chrono Boost)  
  110  6:57  Probe x3  
  110  6:58  Photon Cannon  
  119  7:02  Photon Cannon  
  119  7:04  Carrier (Chrono Boost)  
  117  7:09  Assimilator, Probe  
  117  7:14  Assimilator  
  116  7:17  Disruptor, Shield Battery  
  116  7:19  Probe  
  120  7:25  Gateway  
  120  7:26  Gateway  
  120  7:30  Protoss Air Weapons Level 2  
  120  7:31  Twilight Council, Probe, Gateway  
  121  7:39  Probe x3  
  121  7:42  Adept x2  
  121  7:43  Carrier  
  134  7:50  Gateway  
  134  7:51  Gateway  
  134  8:00  Carrier  
  134  8:03  Protoss Ground Weapons Level 1 (Chrono Boost)  
  140  8:06  Gateway  
  138  8:15  Carrier  
  138  8:17  Probe x3  
  138  8:18  Probe  
  138  8:39  Immortal (Chrono Boost)  
  138  8:41  Void Ray  
  134  8:47  Probe x2  
  134  8:48  Probe  
  145  8:52  Templar Archives  
  145  8:56  Pylon, Flux Vanes  
  145  8:57  Gateway  
  145  8:59  Gateway  
  145  9:08  Void Ray, Pylon  
  145  9:09  Nexus  
  146  9:10  Observer (Chrono Boost)  
  146  9:11  Pylon  
  150  9:21  Warp Prism (Chrono Boost)  
  150  9:22  Zealot  
  150  9:23  Zealot  
  156  9:27  Pylon  
  156  9:28  Charge (Chrono Boost)  
  156  9:29  Pylon  
  156  9:31  High Templar x6  
  164  9:35  Archon x3  
  164  9:37  Probe x2  
  170  9:38  Assimilator  
  170  9:41  Photon Cannon, Assimilator  
  170  9:49  Pylon  
  170  9:54  Photon Cannon  
  170  9:58  Zealot x4  
  170  9:59  Void Ray  
  178  10:00  Void Ray, Pylon  
  178  10:05  Protoss Air Weapons Level 3 (Chrono Boost)  
  186  10:13  Zealot x4  
  196  10:15  Disruptor (Chrono Boost)  
  195  10:34  Void Ray x2 (Chrono Boost)  
  187  10:40  Carrier (Chrono Boost)  
  172  10:45  Zealot x7  
  172  10:46  Zealot x2  
  188  10:54  Zealot  
  182  11:04  Void Ray x2  
  182  11:05  Protoss Ground Weapons Level 2 (Chrono Boost)  
  182  11:07  Photon Cannon, Gateway  
  182  11:09  Gateway, Pylon  
  176  11:17  Zealot x4  
  176  11:18  Zealot x2  
  184  11:23  Disruptor  
  178  11:31  Void Ray  
  174  11:45  Zealot x2  
  178  11:47  Mothership (Chrono Boost)  
  186  11:58  High Templar  
  186  11:59  High Templar  
  188  12:03  High Templar x2  
  188  12:04  High Templar x2  
  188  12:06  Nexus  
  188  12:07  Archon, Pylon  
  188  12:08  Archon x2  
  196  12:13  Photon Cannon  
  196  12:15  Shield Battery  
  196  12:16  Zealot x2  
  200  12:26  Nexus  
  200  12:29  Pylon  
  200  12:30  Blink  
  200  12:35  Gateway  
  200  12:38  Pylon  
  194  12:54  Tempest x3 (Chrono Boost)  
  192  13:00  Psionic Storm  
  192  13:03  High Templar x2  
  192  13:04  High Templar x2  
  196  13:09  Photon Cannon  
  196  13:10  Photon Cannon  
  196  13:11  Photon Cannon x2  
  196  13:13  Photon Cannon, Stalker  
  196  13:14  Shield Battery  
  196  13:16  Shield Battery  
  198  13:23  Photon Cannon  
  198  13:28  Zealot  
  198  13:33  Assimilator  
  200  13:37  Assimilator  
  200  13:39  Protoss Ground Weapons Level 3 (Chrono Boost)  
  200  13:45  Gravitic Drive  
  198  14:06  Photon Cannon x2  
  196  14:11  Stargate  
  196  14:15  Stargate  
  196  14:18  Pylon  
  196  14:25  Pylon  
  196  14:26  Oracle (Chrono Boost)  
  200  14:37  Tempest (Chrono Boost)  
  200  14:38  Shield Battery  
  200  14:41  Photon Cannon  
  200  14:43  Photon Cannon  
  200  14:46  Gateway x2  
  200  14:57  Photon Cannon  
  200  14:59  Shield Battery  
  198  15:15  Photon Cannon  
  198  15:17  Pylon  
  198  15:19  Photon Cannon  
  198  15:30  Warp Prism (Chrono Boost)  
  198  15:33  Protoss Air Armor Level 1 (Chrono Boost)  
  185  15:41  Tempest (Chrono Boost)  
  185  15:42  Tempest (Chrono Boost)  
  190  15:52  Photon Cannon  
  190  15:56  Photon Cannon  
  190  15:59  High Templar  
  190  16:00  High Templar x3  
  198  16:07  Unknown  
  198  16:09  Archon  
  198  16:10  Archon  
  198  16:19  Photon Cannon  
  198  16:20  Photon Cannon x2, Pylon  
  198  16:22  Photon Cannon, Pylon  
  198  16:26  Photon Cannon  
  197  16:59  Disruptor  
  197  17:00  Shield Battery  
  200  17:04  Pylon  
  195  17:09  Zealot x2  
  195  17:13  Dark Shrine  
  187  17:35  Photon Cannon x2  
  177  17:37  Tempest (Chrono Boost)  
  177  17:38  Photon Cannon, Disruptor (Chrono Boost)  
  193  17:45  Void Ray x2 (Chrono Boost)  
  187  17:52  Shield Battery  
  187  17:53  Photon Cannon  
  187  17:54  Photon Cannon  
  187  17:57  Pylon  
  187  18:02  Void Ray  
  187  18:05  Photon Cannon  
  187  18:07  High Templar x2  
  187  18:09  Nexus, Pylon  
  187  18:11  Warp Prism (Chrono Boost), Pylon  
  197  18:15  Archon  
  184  18:40  Zealot  
  184  18:41  Zealot x7  
  197  18:49  Pylon  
  197  19:00  Probe x2  
  197  19:01  Probe  
  198  19:12  Nexus  
  184  19:17  Void Ray x2  
  184  19:23  Oracle  
  193  19:36  Pylon  
  192  19:39  Photon Cannon  
  192  19:41  Photon Cannon  
  192  19:42  Photon Cannon, Void Ray x2  
  192  19:43  Photon Cannon  
  192  19:44  Shield Battery  
  192  19:45  Assimilator x2, Pylon  
  195  20:08  Pylon  
  195  20:11  Photon Cannon  
  195  20:17  Assimilator  
  195  20:20  Zealot x3  
  195  20:39  Oracle  
  195  20:41  Oracle  
  193  20:48  Dark Templar  
  191  21:06  Warp Prism  
  193  21:18  Probe x6  
  197  21:20  Assimilator  
  195  21:30  Probe x2  
  187  22:04  Photon Cannon  
  187  22:05  Photon Cannon  
  187  22:09  Dark Templar  
  189  22:31  Void Ray x2  
  197  22:46  Disruptor  
  200  22:53  Void Ray x2 (Chrono Boost)  
  167  23:07  Void Ray (Chrono Boost)  
  167  23:08  Void Ray (Chrono Boost)  
  124  23:41  Void Ray (Chrono Boost)  
  128  23:48  Stalker x3  
  128  23:49  Stalker x4  
  128  23:52  Void Ray x2  
  117  24:02  Stalker x4  
Show
View Real Time Build Order
Export as new Build Order

Scarlett Zerg - Winner!

Build Orders: Hatch First, Brood Lord Corruptor 

Get SALT Encoding   

  12  0:00  Drone  
  13  0:12  Overlord  
  13  0:17  Drone  
  14  0:30  Drone x2  
  16  0:43  Drone  
  17  0:53  Hatchery  
  17  0:55  Drone  
  17  0:58  Drone  
  18  1:09  Extractor  
  17  1:13  Spawning Pool  
  17  1:17  Drone  
  17  1:20  Drone  
  18  1:27  Drone  
  20  1:40  Drone  
  20  1:49  Overlord  
  20  1:59  Queen  
  22  2:04  Queen  
  22  2:05  Drone, Zergling x2  
  26  2:13  Metabolic Boost, Drone  
  27  2:16  Drone  
  28  2:25  Drone  
  28  2:28  Drone  
  30  2:36  Hatchery  
  29  2:40  Drone  
  29  2:41  Drone  
  31  2:49  Queen  
  33  2:51  Overlord  
  33  2:54  Drone  
  33  2:58  Zergling x2  
  35  2:59  Drone  
  36  3:07  Overlord  
  36  3:10  Queen  
  36  3:12  Drone  
  39  3:13  Drone  
  39  3:14  Drone  
  39  3:16  Drone  
  43  3:20  Drone x2  
  43  3:26  Drone  
  43  3:27  Drone  
  46  3:29  Queen  
  48  3:35  Overlord  
  48  3:37  Drone x2  
  50  3:48  Queen, Spore Crawler  
  51  3:49  Drone x3  
  51  3:51  Drone  
  51  3:53  Drone  
  56  4:01  Drone, Overlord  
  56  4:02  Drone x3  
  60  4:09  Spore Crawler  
  59  4:10  Queen  
  59  4:14  Drone, Spore Crawler  
  59  4:15  Drone x2  
  63  4:21  Drone x3  
  66  4:31  Drone x6  
  71  4:42  Lair  
  71  4:45  Drone x3  
  74  4:46  Extractor  
  74  4:48  Extractor  
  71  4:53  Drone x3  
  73  5:00  Drone  
  73  5:01  Overlord x2  
  73  5:03  Extractor x2  
  72  5:07  Hatchery, Roach Warren  
  72  5:09  Drone x4  
  72  5:12  Overlord x2  
  72  5:13  Overlord  
  72  5:14  Overlord  
  74  5:21  Drone x5  
  79  5:22  Evolution Chamber  
  79  5:25  Extractor  
  77  5:31  Drone x5  
  77  5:34  Queen x2  
  87  5:35  Drone  
  87  5:37  Drone  
  87  5:38  Drone  
  87  5:40  Drone x2  
  91  5:46  Infestation Pit, Overseer  
  91  5:48  Zerg Missile Weapons Level 1, Glial Reconstitution  
  90  5:52  Drone x3  
  93  5:58  Drone  
  93  5:59  Drone x5  
  93  6:02  Queen  
  101  6:12  Drone x3  
  101  6:13  Drone x4  
  101  6:15  Queen  
  101  6:16  Queen  
  112  6:19  Overlord  
  112  6:21  Overlord  
  112  6:28  Pathogen Glands  
  112  6:31  Extractor  
  112  6:32  Extractor  
  109  6:35  Overlord  
  109  6:36  Overlord x3  
  109  6:40  Hive  
  109  6:43  Spire  
  109  6:44  Zergling x12  
  114  6:51  Hatchery  
  111  7:05  Drone x14  
  122  7:08  Infestor x2  
  122  7:09  Infestor  
  128  7:18  Queen x2  
  128  7:19  Queen  
  134  7:24  Infestor x3  
  134  7:25  Evolution Chamber  
  134  7:27  Overlord x2  
  139  7:36  Drone x11  
  150  7:40  Overlord x2  
  149  7:46  Zerg Ground Armor Level 1, Extractor  
  149  7:47  Extractor  
  147  7:53  Zerg Missile Weapons Level 2  
  147  7:56  Queen  
  147  7:57  Queen  
  147  7:58  Queen  
  153  7:59  Viper x2  
  153  8:02  Queen  
  161  8:07  Drone x9  
  168  8:12  Greater Spire  
  168  8:14  Spire  
  168  8:16  Drone x5  
  168  8:17  Drone  
  170  8:33  Infestor x2  
  166  8:42  Spore Crawler  
  166  8:47  Drone x2  
  166  8:48  Drone x4  
  167  8:55  Spore Crawler  
  167  9:01  Overseer x2  
  167  9:02  Pneumatized Carapace  
  166  9:08  Spore Crawler  
  166  9:09  Spore Crawler  
  164  9:11  Spore Crawler  
  164  9:15  Spine Crawler, Spore Crawler  
  164  9:16  Drone x2  
  163  9:18  Spine Crawler  
  163  9:19  Overseer  
  162  9:27  Zerg Flyer Armor Level 1  
  162  9:28  Zerg Flyer Weapons Level 1, Corruptor, Baneling Nest  
  162  9:29  Corruptor x10  
  183  9:34  Overlord  
  183  9:35  Overlord  
  183  9:37  Hatchery  
  182  9:45  Zerg Ground Armor Level 2  
  182  10:02  Spine Crawler  
  182  10:04  Brood Lord x5, Spore Crawler x2  
  182  10:05  Spore Crawler  
  188  10:07  Drone x3, Spine Crawler  
  188  10:08  Drone  
  188  10:11  Spore Crawler x2  
  188  10:13  Extractor x2  
  186  10:14  Spine Crawler  
  186  10:16  Spine Crawler  
  186  10:17  Spine Crawler  
  186  10:19  Roach x8  
  197  10:25  Brood Lord  
  180  10:36  Zergling x30  
  190  10:43  Drone  
  190  10:44  Drone x2  
  191  10:55  Zerg Melee Weapons Level 1  
  191  10:57  Zergling x16  
  197  11:10  Corruptor  
  197  11:11  Corruptor  
  198  11:13  Spore Crawler x2  
  185  11:41  Infestor x3  
  185  11:42  Viper x2  
  197  11:49  Zerg Flyer Weapons Level 2  
  197  11:50  Zerg Flyer Armor Level 2  
  197  11:58  Adrenal Glands  
  196  12:01  Zerg Ground Armor Level 3  
  196  12:03  Hatchery, Spore Crawler x2  
  196  12:04  Spore Crawler  
  192  12:09  Brood Lord x2  
  192  12:10  Brood Lord  
  198  12:16  Spine Crawler  
  198  12:17  Spine Crawler  
  198  12:19  Spore Crawler x3  
  198  12:20  Spore Crawler  
  198  12:21  Spore Crawler  
  198  12:22  Spore Crawler  
  182  12:26  Brood Lord x2  
  182  12:28  Corruptor x6  
  192  12:40  Corruptor x3  
  192  12:42  Spore Crawler  
  192  12:43  Spore Crawler x2  
  192  12:44  Spore Crawler  
  193  13:03  Zerg Melee Weapons Level 2  
  193  13:10  Drone x7  
  200  13:24  Spore Crawler  
  200  13:25  Spore Crawler x5  
  200  13:27  Spore Crawler  
  193  13:29  Drone x2  
  195  13:34  Overseer  
  195  13:36  Overlord  
  195  13:38  Spine Crawler x2, Corruptor x2  
  195  13:39  Spore Crawler  
  196  13:44  Extractor x2  
  196  13:47  Spore Crawler  
  193  13:49  Overlord  
  193  13:50  Overlord  
  193  13:53  Drone x2  
  193  13:54  Drone  
  196  13:57  Drone x4  
  200  14:12  Spore Crawler  
  200  14:14  Spore Crawler  
  200  14:15  Spore Crawler x4  
  200  14:16  Spore Crawler  
  193  14:21  Infestor x3  
  199  14:28  Zerg Flyer Weapons Level 3  
  199  14:29  Zerg Flyer Armor Level 3  
  199  14:35  Spore Crawler x3  
  199  14:36  Spore Crawler x2  
  194  14:46  Overseer x6  
  194  14:49  Zergling x2  
  194  14:50  Zergling x10  
  194  14:51  Baneling x12, Centrifugal Hooks  
  200  15:00  Zerg Missile Weapons Level 3  
  197  15:50  Drone x2  
  199  16:03  Spore Crawler x2  
  199  16:04  Spore Crawler x4  
  195  16:05  Spore Crawler x2  
  195  16:06  Spore Crawler  
  195  16:10  Baneling x6  
  186  16:38  Neural Parasite  
  186  16:39  Burrow  
  174  17:15  Zerg Melee Weapons Level 3  
  174  17:18  Spore Crawler  
  166  17:35  Hatchery  
  165  17:40  Viper x2  
  165  17:43  Corruptor  
  165  17:44  Corruptor x4  
  171  17:46  Zergling x16  
  189  17:53  Drone x2  
  189  17:56  Drone x3  
  194  17:58  Extractor  
  194  18:01  Drone x3  
  196  18:08  Drone  
  196  18:09  Drone x2  
  194  18:29  Hatchery  
  183  18:44  Zergling x26  
  183  18:45  Zergling x4  
  195  18:56  Brood Lord x2  
  192  19:24  Baneling x4  
  192  19:25  Baneling x3  
  192  19:27  Zergling x16  
  192  19:30  Extractor  
  199  19:34  Extractor  
  193  21:06  Overseer x3  
  191  21:12  Zergling x6  
  191  21:14  Drone  
  191  21:15  Spine Crawler  
  179  21:41  Brood Lord x4  
  187  21:53  Brood Lord x2  
  187  21:54  Corruptor x7  
  199  22:05  Zergling x8  
  160  23:06  Corruptor  
  160  23:07  Corruptor x16  
  160  23:12  Corruptor x3  
  188  23:13  Corruptor  
  190  23:32  Corruptor x7  
  186  23:54  Zergling x26  
  186  23:55  Zergling x10  
  192  24:03  Zergling x6  
Tags
 
Add a new tag
Caveats
  • Supply blocks, unpowered buildings, or Contaminate may cause inaccurate times.
  • Supply counts are checked every 10 seconds.